 Dungeon Crawl Stone Soup version 0.16.1-17-g773cdaf (webtiles) character file.

112 tesudzi the Sneak (level 4, -5/34 HPs)
             Began as a Demonspawn Assassin on Apr 21, 2015.
             Killed by divine providence
             ... invoked by an orc priest
              (10 damage)
             ... on level 3 of the Dungeon.
             The game lasted 00:06:55 (2965 turns).

tesudzi the Sneak (Demonspawn Assassin)             Turns: 2965, Time: 00:06:56

Health: -5/34      AC:  7    Str: 12    XL:     4   Next: 63%
Magic:  4/4        EV: 10    Int: 12    God:
Gold:   181        SH:  0    Dex: 15    Spells: 0 memorised, 3 levels left

rFire  . . .     SeeInvis .       - Unarmed
rCold  + . .     Clarity  .     j - +1 ring mail {rC+}
rNeg   . . .     SustAb   .     (no shield)
rPois  .         Gourm    .     (no helmet)
rElec  .         Spirit   .     d - +0 cloak
rCorr  .         Warding  .     (no gloves)
rMut   .         Stasis   .     (no boots)
MR     .....                    (no amulet)
Stlth  ++........               (no ring)
                                (no ring)

@: not resistant to hostile enchantments, unstealthy
A: claws 2, powered by pain 1
a: no special abilities


You were on level 3 of the Dungeon.
You were hungry.

You visited 1 branch of the dungeon, and saw 3 of its levels.

You collected 181 gold pieces.

Inventory:

Hand weapons
 a - a +2 dagger
 b - a +0 blowgun
 k - a +0 hunting sling
 p - a cursed -1 short sword
Missiles
 e - 24 poisoned needles
 f - 2 curare-tipped needles
 q - 13 silver sling bullets
Armour
 c - a +0 robe
 d - a +0 cloak (worn)
 j - a +1 ring mail of cold resistance (worn)
 r - a +0 shield
Scrolls
 h - a scroll of enchant weapon {unknown}
 i - a scroll of remove curse {unknown}
 u - a scroll of identify {unknown}
Potions
 m - 2 potions of brilliance {unknown}
 n - a potion of ambrosia {unknown}
 s - a potion of cancellation {unknown}
 t - a potion of restore abilities {unknown}
 v - a potion of resistance {unknown}
Comestibles
 g - 3 bread rations
 l - 2 fruits
 o - 2 meat rations


   Skills:
 - Level 2.7 Fighting
 - Level 1.7 Short Blades
 - Level 1.7 Throwing
 - Level 0.8 Dodging
 - Level 3.6 Stealth
 + Level 3.5 Unarmed Combat


You had 3 spell levels left.
You didn't know any spells.

Dungeon Overview and Level Annotations

Branches:
Dungeon (3/15)

Altars:
Makhleb
Xom

Annotations:
D:2 exclusion: bat, Sigmund


Innate Abilities, Weirdness & Mutations

You have very sharp fingernails.
You sometimes gain a little power by taking damage.


Message History

The orc priest becomes somewhat translucent.
Things that are here:
a mace; a leather armour; an orc corpse Unknown command.
The orc throws a tomahawk.
The tomahawk hits you but does no damage.
You see here 2 tomahawks.
An orc comes into view. x2
The orc shouts!
The orc priest's eyes start to glow.
The adder bites you but does no damage.
The orc priest calls down the wrath of Beogh upon you.
Something smites you!
The orc priest calls down the wrath of Beogh upon you.
Something smites you!
* * * LOW HITPOINT WARNING * * *
The adder misses you.
The orc priest calls down the wrath of Beogh upon you.
Something smites you!
You die...

#.#.# #.......(#.#.#...
#.#.# #........#.#.#...
#.#.# #............#...
#.#.# ####)#####.#.#...
#.#.#######[# #.#.....
#.#......<#)# #.#.##o.
#.#########.# #.#.o...
##.#########.# #.####)#
#.......@.S..#####....(.#
############o..oo..######
...........o.........
#######.............
#.............
#.............
#.............
..............
...#.........


You could see 2 orc priests, an adder and 2 orcs.

Vanquished Creatures
  Ijyb (D:2)
  3 adders (D:2)
  A worm (D:2)
  2 oozes (D:2)
  5 orcs (D:3)
  5 giant cockroaches
  7 goblins
  8 hobgoblins
  7 bats
  2 giant geckos
  5 giant newts
  5 kobolds
  6 rats
57 creatures vanquished.

Notes
Turn   | Place    | Note
--------------------------------------------------------------
     0 | D:1      | tesudzi, the Demonspawn Assassin, began the quest for the Orb.
     0 | D:1      | Reached XP level 1. HP: 16/16 MP: 1/1
   518 | D:1      | Gained mutation: You have sharp fingernails. [demonic ancestry]
   518 | D:1      | Reached XP level 2. HP: 23/23 MP: 2/2
   784 | D:1      | Reached skill level 1 in Unarmed Combat
  1309 | D:2      | Noticed Ijyb
  1342 | D:2      | Killed Ijyb
  1342 | D:2      | Gained mutation: You have very sharp fingernails. [demonic ancestry]
  1342 | D:2      | Reached XP level 3. HP: 14/28 MP: 3/3
  1792 | D:2      | Gained mutation: You sometimes gain a little power by taking damage. [demonic ancestry]
  1792 | D:2      | Reached XP level 4. HP: 31/34 MP: 4/4
  1835 | D:2      | Found a shimmering altar of Xom.
  1904 | D:2      | Found a burning altar of Makhleb.
  2064 | D:2      | Noticed Sigmund
  2965 | D:3      | Killed from afar by an orc priest

Action                   |  1- 3 |  4- 6 || total
-------------------------+-------+-------++-------
Melee: Dagger            |    99 |       ||    99
       Unarmed           |    53 |    79 ||   132
 Stab: Sleeping          |     4 |     1 ||     5
  Eat: Chunk             |     3 |     3 ||     6
